 Dungeon Crawl Stone Soup version 0.19-a0-1091-g463c9de (webtiles) character file.

3113 seren the Cleaver (level 9, 0/86 HPs)
             Began as a Deep Dwarf Fighter on Aug 7, 2016.
             Was a Believer of Pakellas.
             Slain by a sun demon (16 damage)
             ... summoned by a kobold demonologist
             ... on level 9 of the Dungeon.
             The game lasted 00:35:46 (5952 turns).

seren the Cleaver (Deep Dwarf Fighter)              Turns: 5952, Time: 00:35:48

Health: 0/86       AC:  7    Str: 23    XL:     9   Next: 60%
Magic:  2/12       EV:  8    Int:  9    God:    Pakellas [**....]
Gold:   301        SH: 12    Dex: 12    Spells: 0 memorised, 8 levels left

rFire  . . .     SeeInvis .     a - +0 war axe
rCold  . . .     Gourm    .     v - +0 ring mail {rPois}
rNeg   . . .     Faith    .     c - +2 shield
rPois  +         Spirit   .     (no helmet)
rElec  .         Dismiss  .     (no cloak)
rCorr  .         Reflect  .     (no gloves)
SustAt .         Harm     .     K - +0 pair of boots
MR     ++...                    (no amulet)
Stlth  +.........               (no ring)
                                M - ring of protection from magic

@: non-regenerating, drained
A: damage resistance, recharge devices, sense surroundings 2, slow regeneration
3
a: Device Recharging, Quick Charge, Renounce Religion


You were on level 9 of the Dungeon.
You worshipped Pakellas.
Pakellas was pleased with you.
You were not hungry.

You visited 2 branches of the dungeon, and saw 11 of its levels.

You collected 301 gold pieces.

Inventory:

Hand Weapons
 a - a +0 war axe (weapon)
Missiles
 k - 377 stones (quivered)
 B - a throwing net
Armour
 b - a +0 scale mail
 c - a +2 shield (worn)
 v - a +0 ring mail of poison resistance (worn)
 K - a +0 pair of boots (worn)
Jewellery
 r - an uncursed ring of fire
 M - a ring of protection from magic (left hand)
Wands
 d - a wand of enslavement (18/24)
 e - a wand of heal wounds (2/9)
 x - a wand of slowing (23/48)
 y - a wand of slowing (11/48)
 P - a wand of flame (14/48)
Scrolls
 h - a scroll of enchant armour
 i - a scroll of magic mapping
 j - 2 scrolls of remove curse
 l - 4 scrolls of teleportation
 o - a scroll of blinking {unknown}
 t - 3 scrolls of fear
 z - 2 scrolls of enchant weapon
 C - 3 scrolls of amnesia
 F - a scroll of silence {unknown}
 G - 2 scrolls of immolation {unknown}
 H - a scroll of recharging {unknown}
 L - a scroll of brand weapon {unknown}
Potions
 n - a potion of cancellation {unknown}
 p - a potion of magic {unknown}
 q - 3 potions of cure mutation
 s - a potion of lignification {unknown}
 u - 4 potions of heal wounds
 w - 5 potions of curing
 A - a potion of haste
 D - a potion of degeneration {unknown}
 E - a potion of flight {unknown}
 I - 2 potions of resistance
Miscellaneous
 O - a box of beasts
Comestibles
 f - 5 bread rations
 m - 4 meat rations


   Skills:
 * Level 7.0(6.9) Fighting
 - Level 10.0(9.9) Axes
 - Level 6.0(5.9) Armour
 - Level 5.6(5.5) Shields
 + Level 4.6(4.5) Evocations


You had 8 spell levels left.
You didn't know any spells.

Dungeon Overview and Level Annotations

Branches:
Dungeon (10/15)            Temple (1/1) D:4
   Lair: D:8-11         Orc: D:9-12

Altars:
Ashenzari
Cheibriados
Fedhas
Gozag
Hepliaklqana
Kikubaaqudgha
Makhleb
Nemelex Xobeh
Okawaru
Pakellas
Qazlal
Ru
Sif Muna
Trog
Uskayaw
Vehumet
Xom
Yredelemnul
Zin
The Shining One

Annotations:
D:2 1 runed door, exclusion: door
D:5 4thArraOfDagon's ghost, weakling TrAM; Pikel
D:8 4thArraOfDagon's ghost, novice TrAM; Joseph; Prince Ribbit


Innate Abilities, Weirdness & Mutations

You are resistant to damage.
You can recharge devices by infusing magical energy.
You passively map the area around you.
You do not regenerate naturally.


Message History

The kobold demonologist is moderately wounded.
You hit the quasit but do no damage. You miss the crimson imp.
You hit the sun demon. You block the sun demon's attack.
You block the quasit's attack.
The quasit claws you but does no damage.
You block the quasit's attack.
The crimson imp blinks!
The kobold demonologist misses you.
You slash the kobold demonologist!
The kobold demonologist is severely wounded.
You slash the sun demon! You hit the quasit. The sun demon hits you.
You are engulfed in flames!
You block the quasit's attack. The quasit barely misses you.
The quasit claws you but does no damage.
You block the kobold demonologist's attack.
The quasit bites you but does no damage.
You block the quasit's attack. x2; The sun demon hits you!
* * * LOW HITPOINT WARNING * * *
You are engulfed in flames!
You die...
Pakellas says: Time to start the next experiment...

, , , , ....... ,, ,,, , ,
....... , ,, ,, , .......,,
.. ,, ....... , * , ,$..##.
....... ...... *....... ,* ,
.#....######...5### * *
...........K3...... ,, ,
,...........@......., , ,,
,...........5ยง....[., ,, ,#
................... , , , ,#
,
.P........######......######
,..%P......#....#......#.....
, ,
,PP.....P..#....#......#.....
..P.......#....#......#.....
,
P##+#...P.#....#......#.....
,, ,#...P.+....#......#.....


You could see a sun demon, a kobold demonologist, a quasit and a crimson imp.

Vanquished Creatures
  Erica (D:9)
  2 yaks (D:9)
  A hippogriff (D:8)
  A sky beast (D:9)
  2 centaurs
  2 eyes of draining (D:4)
  A big kobold (D:8)
  3 giant frogs
  A gnoll sergeant (D:9)
  A wyvern skeleton (D:9)
  4 scorpions
  3 wights (D:8)
  A crimson imp (D:8)
  2 giant frog zombies
  4 hounds
  A centaur skeleton (D:9)
  A giant frog skeleton (D:6)
  2 orc priests
  Jessica (D:2)
  5 iguanas
  2 worker ants (D:4)
  2 hound zombies
  Robin (D:2)
  12 gnolls
  4 river rats (D:9)
  7 adders
  3 shadow imps
  An adder zombie (D:6)
  3 worms
  A dart slug (D:4)
  3 giant geckos
  11 orcs
  8 bats
  19 giant cockroaches
  17 goblins
  5 hobgoblins
  5 jackals (D:3)
  7 kobolds
  3 quokkas
  2 giant gecko zombies
  5 giant newts
  A quokka skeleton (D:6)
  13 rats
174 creatures vanquished.

Vanquished Creatures (others)
  A yak (D:2)
  3 fungi (D:9)
4 creatures vanquished.

Grand Total: 178 creatures vanquished

Notes
Turn   | Place    | Note
-------+----------+-------------------------------------------
     0 | D:1      | seren the Deep Dwarf Fighter began the quest for the Orb.
     0 | D:1      | Reached XP level 1. HP: 20/20 MP: 1/1
   112 | D:1      | Reached XP level 2. HP: 27/27 MP: 2/2
   696 | D:2      | Killed a yak
   828 | D:2      | Noticed Jessica
   835 | D:2      | Found a sparkling altar of Nemelex Xobeh.
   840 | D:2      | Killed Jessica
   840 | D:2      | Reached skill level 3 in Axes
   840 | D:2      | Reached XP level 3. HP: 30/33 MP: 3/3
  1043 | D:2      | Found a shattered altar of Ashenzari.
  1102 | D:2      | Noticed Robin
  1116 | D:2      | Killed Robin
  1116 | D:2      | Reached XP level 4. HP: 35/40 MP: 4/4
  1202 | D:2      | Found an oddly glowing altar of Pakellas.
  1202 | D:2      | Noticed an orange crystal statue
  1206 | D:2      | Became a worshipper of Pakellas the Inventive
  1440 | D:2      | Found a runed door.
  1480 | D:3      | You fall through a shaft for 2 floors!
  1480 | D:5      | Entered Level 5 of the Dungeon
  1632 | D:3      | Found a blossoming altar of Fedhas.
  1769 | D:3      | Reached skill level 4 in Axes
  1769 | D:3      | Reached XP level 5. HP: 21/46 MP: 5/5
  1818 | D:3      | Found a radiant altar of Vehumet.
  1859 | D:3      | Reached * piety under Pakellas
  1859 | D:3      | Received a gift from Pakellas
  2434 | D:4      | Reached skill level 5 in Axes
  2434 | D:4      | Reached XP level 6. HP: 47/55 MP: 6/6
  2443 | D:4      | Reached skill level 5 in Armour
  2691 | D:4      | Reached skill level 5 in Shields
  2841 | D:4      | Found a staircase to the Ecumenical Temple.
  2850 | Temple   | Entered the Ecumenical Temple
  3258 | D:4      | Found a bloodstained altar of Trog.
  3277 | D:4      | Reached skill level 6 in Axes
  3277 | D:4      | Reached XP level 7. HP: 35/61 MP: 2/7
  3362 | D:5      | Noticed Pikel
  3658 | D:5      | Noticed 4thArraOfDagon's ghost (weakling TrAM)
  3659 | D:5      | Reached skill level 7 in Axes
  3831 | D:6      | Found an iron altar of Okawaru.
  4092 | D:6      | Reached XP level 8. HP: 65/68 MP: 8/8
  4734 | D:7      | Reached skill level 8 in Axes
  4968 | D:7      | Found a burning altar of Makhleb.
  5026 | D:7      | You fall through a shaft for 3 floors!
  5026 | D:10     | Entered Level 10 of the Dungeon
  5044 | D:9      | Noticed Erica
  5067 | D:9      | Killed Erica
  5067 | D:9      | Reached skill level 9 in Axes
  5140 | D:9      | Gained mutation: You passively map the area around you. [Deep Dwarf growth]
  5140 | D:9      | Reached XP level 9. HP: 52/80 MP: 2/9
  5157 | D:9      | Reached skill level 10 in Axes
  5220 | D:8      | Noticed Joseph
  5322 | D:9      | Reached skill level 5 in Fighting
  5360 | D:9      | Reached skill level 1 in Evocations
  5567 | D:9      | Noticed a kobold demonologist
  5594 | D:8      | Reached ** piety under Pakellas
  5594 | D:8      | Received a gift from Pakellas
  5788 | D:8      | Noticed Prince Ribbit
  5909 | D:8      | Noticed 4thArraOfDagon's ghost (novice TrAM)
  5948 | D:9      | Noticed a sun demon
  5952 | D:9      | Slain by a sun demon

Vault maps used:
D:1:      minmay_arrival_four_circles
D:2:      nemelex_xobeh_ov_fountains_minmay, ashenzari_conservatory_becter,
          first_bread, gammafunk_pakellas_statue_experiment, uniq_robin,
          uniq_crazy_yiuf_cottage, uniq_jessica
D:3:      minmay_roachtagon, lemuel_round_altar, lemuel_doored_altar,
          kennysheep_minor_cross
D:4:      trog_eyes_of_draining, corexii_corridor_pit, minmay_misc_feat_doors,
          minmay_box_of_dots
D:5:      kennysheep_windowed_halls, nicolae_overflow_crystal_walls,
          elyvilon_altar_5, serial_shops, shop, gup_sewer_entry_bowl,
          kennysheep_generic_room_13, uniq_menkaure, uniq_pikel
D:6:      kennysheep_okawaru_gauntlet
D:7:      lemuel_round_altar
D:8:      serial_shops, nicolae_shop_crystal, small_statue_intersection,
          uniq_grum, uniq_prince_ribbit1, uniq_joseph
D:9:      minmay_cut_squares, grunt_lair_entry_orc_guard_hut, serial_shops,
          kennysheep_little_box, shop, shop_statue, shop, shop, uniq_erica
D:10:     serial_shops, shop, hangedman_fish_farm, minmay_gold_behind_fungi
Temple:   nicolae_temple_figure_eight

Skill      XL: |  1  2  3  4  5  6  7  8  9 |
---------------+----------------------------+-----
Armour         | 4 5 6 |  6.0
Axes           | 3 4 5 6 7 9 10 | 10.0
Shields        | 4 5 |  5.6
Fighting       | 4 7 |  7.0
Evocations     | 4 |  4.6

Action                   |  1- 3 |  4- 6 |  7- 9 || total
-------------------------+-------+-------+-------++-------
Melee: War axe           |    90 |   214 |   384 ||   688
Throw: Stone             |    61 |    16 |    24 ||   101
Invok: Quick Charge      |       |     2 |    13 ||    15
Evoke: Wand              |       |     8 |    14 ||    22
  Use: Potion            |     1 |       |     2 ||     3
       Scroll            |       |       |    13 ||    13
  Eat: Chunk             |     1 |     6 |     8 ||    15
       Fruit             |       |     1 |     1 ||     2
       Beef jerky        |       |       |     1 ||     1
Armor: Scale mail        |    50 |    40 |       ||    90
       Ring mail         |       |    41 |   117 ||   158
Dodge: Dodged            |    34 |    65 |   103 ||   202
Block: Shield            |    64 |   129 |   258 ||   451
